 Dungeon Crawl Stone Soup version 0.22-a0-3-g4fa69d9 (webtiles) character file.

20 KristoblXynda the Charmwright (level 2, 0/14 HPs)
             Began as a Spriggan Skald on Jan 1, 2018.
             Slain by a kobold
             ... wielding a +0 short sword
              (6 damage)
             ... on level 1 of the Dungeon.
             The game lasted 00:01:06 (830 turns).

KristoblXynda the Charmwright (Spriggan Skald)       Turns: 830, Time: 00:01:06

Health: 0/14       AC:  2    Str:  7    XL:     2   Next: 58%
Magic:  5/7        EV: 19    Int: 14    God:
Gold:   57         SH:  0    Dex: 15    Spells: 6/7 levels left

rFire    . . .     SeeInvis +   a - +0 short sword
rCold    . . .     Gourm    .   (shield restricted)
rNeg     . . .     Faith    .   b - +0 robe
rPois    .         Spirit   .   (helmet restricted)
rElec    .         Reflect  .   (no cloak)
rCorr    .         Harm     .   (gloves unavailable)
MR       .....                  (boots unavailable)
Stlth    +.........             (no amulet)
HPRegen  0.04/turn              (no ring)
MPRegen  0.10/turn              (no ring)

@: infused, very quick
A: very small, unfitting armour, see invisible, herbivore, speed 3, slow
metabolism 2
a: no special abilities


You were on level 1 of the Dungeon.
You were not hungry.

You visited 1 branch of the dungeon, and saw 1 of its levels.

You collected 57 gold pieces.

Inventory:

Hand Weapons
 a - a +0 short sword (weapon)
Armour
 b - a +0 robe (worn)
Jewellery
 g - a cursed ring of loudness {unknown}
Scrolls
 e - a scroll of immolation {unknown}
 f - a scroll of enchant weapon {unknown}
 h - 2 scrolls of teleportation {unknown}
 k - a scroll of identify {unknown}
Potions
 i - a potion of magic {unknown}
 j - a potion of flight {unknown}
Books
 c - a book of Battle

   Spells                             Type                      Level
   a - Infusion                       Charms                       1
   b - Shroud of Golubria             Charms/Translocation         2
   c - Song of Slaying                Charms                       2
   d - Spectral Weapon                Hexes/Charms                 3
   e - Regeneration                   Charms/Necromancy            3
Comestibles
 d - 5 rations


   Skills:
 - Level 1.5 Fighting
 + Level 2.6 Short Blades
 + Level 4.0 Dodging
 + Level 3.1 Spellcasting
 + Level 4.8 Charms


You had 6 spell levels left.
You knew the following spells:

 Your Spells              Type           Power        Failure   Level  Hunger
a - Infusion              Chrm           ###.         3%          1    #......


Dungeon Overview and Level Annotations

Branches:
Dungeon (1/15)

Altars:


Innate Abilities, Weirdness & Mutations

You are very small and have problems with some larger weapons.
You are too small for most types of armour.
You have supernaturally acute eyesight. (SInv)
You are a herbivore.
You cover ground extremely quickly.
You need consume almost no food.


Message History

The hobgoblin is moderately wounded.
The hobgoblin hits you with a club.
The kobold throws a stone.
The stone closely misses you.
You see here a stone.
Casting: Infusion
Confirm with . or Enter, or press ? or * to list all spells.
You begin infusing your attacks with magical energy.
The hobgoblin hits you but does no damage.
You hit the hobgoblin.
You kill the hobgoblin!
Your Dodging skill increases to level 4!
The kobold throws a stone.
The stone closely misses you.
Things that are here:
a club; a stone The kobold closely misses you.
You see here a stone.
You closely miss the kobold. The kobold hits you with a short sword.
You closely miss the kobold. The kobold misses you.
You barely miss the kobold. The kobold hits you with a short sword.
You die...

.#.####.##...).....##.## #.#
.#...........##.#####.# #.#
.######......##.......# ####.###
..# #......########## #......#
..# #......##### #.##.#.#
..#####........(.########.##.#.#
.............###.#.....##.##.#.#
......#.#♣♣♣♣♣
#)#.....##.##.#.## .........♣♣♣♣
#@K.....##.##....#
......#.##♣<♣#
###.....##........
...####.##8.8# .....#####.....
........###'## ###### #.....
...#######..# ##...# ...# #.##
##.## ...# #.# #.# .##### #.#
#.# .....# #.##### #.#


You could see a kobold.

Vanquished Creatures
  A leopard gecko (D:1)
  2 giant cockroaches (D:1)
  2 goblins (D:1)
  4 hobgoblins (D:1)
  3 kobolds (D:1)
  2 bats (D:1)
  A frilled lizard (D:1)
  2 rats (D:1)
17 creatures vanquished.

Notes
Turn   | Place    | Note
-------+----------+-------------------------------------------
     0 | D:1      | KristoblXynda the Spriggan Skald began the quest for the Orb.
     0 | D:1      | Reached XP level 1. HP: 10/10 MP: 5/5
   389 | D:1      | Reached XP level 2. HP: 14/14 MP: 6/6
   830 | D:1      | Slain by a kobold

Vault maps used:
D:1:      saegor_arrival_simple_b

Skill      XL: |  1  2 |
---------------+-------+-----
Spellcasting   | 3 |  3.1
Dodging        | 4 |  4.0
Fighting       | |  1.5
Short Blades   | |  2.6
Charms         | |  4.8

Action                   || total
-------------------------++-------
Melee: Short sword       ||    69
 Cast: Infusion          ||     4
 Stab: Sleeping          ||     1
Armor: Robe              ||     7
Dodge: Dodged            ||    60

Table legend:
 A = Spawn XP
 B = Non-spawn XP
 C = Spawn XP percentage of total XP
 D = Spawn monster count
 E = Non-spawn monster count
 F = Spawn count percentage of total count
 G = Total turns spent on level
                    A         B        C        D         E        F      G
               +---------+---------+-------+---------+---------+-------+---------
         Total |       0 |      29 |   0.0 |       0 |      17 |   0.0 |   830
               +---------+---------+-------+---------+---------+-------+---------
           D:1 |       0 |      29 |   0.0 |       0 |      17 |   0.0 |   830
               +---------+---------+-------+---------+---------+-------+---------
